 Dungeon Crawl Stone Soup version 0.19.0-20-gbc5f0c6 (webtiles) character file.

70 Drazool the Firebug (level 4, -3/24 HPs)
             Began as a Deep Elf Fire Elementalist on Nov 17, 2016.
             Slain by Grinder (4 damage)
             ... on level 3 of the Dungeon.
             The game lasted 00:08:32 (2631 turns).

Drazool the Firebug (Deep Elf Fire Elementalist)    Turns: 2631, Time: 00:08:33

Health: -3/24      AC:  4    Str:  3 (5)  XL:     4   Next: 4%
Magic:  8/12       EV: 13    Int: 19 (21) God:
Gold:   108        SH:  0    Dex: 14 (15) Spells: 4 memorised, 2 levels left

rFire  . . .     SeeInvis .     h - +2 dagger (elec)
rCold  . . .     Gourm    .     a - +1 robe
rNeg   . . .     Faith    .     (no shield)
rPois  .         Spirit   .     (no helmet)
rElec  .         Reflect  .     d - +0 cloak
rCorr  .         Harm     .     (no gloves)
MR     .....                    (no boots)
Stlth  ++........               (no amulet)
                                (no ring)
                                (no ring)

@: about to teleport
A: no striking features
a: no special abilities


You were on level 3 of the Dungeon.
You were not hungry.

You visited 1 branch of the dungeon, and saw 3 of its levels.

You collected 108 gold pieces.

Inventory:

Hand Weapons
 g - a +3 hand axe
 h - a +2 dagger of electrocution (weapon)
Armour
 a - a +1 robe (worn)
 d - a +0 cloak (worn)
Jewellery
 i - an uncursed amulet of harm {unknown}
Scrolls
 e - 2 scrolls of teleportation
Potions
 f - a potion of curing
 j - a potion of brilliance {unknown}
Books
 b - a book of Flames

   Spells                             Type                      Level
   a - Flame Tongue                   Conjuration/Fire             1
   b - Throw Flame                    Conjuration/Fire             2
   c - Conjure Flame                  Conjuration/Fire             3
   d - Inner Flame                    Hexes/Fire                   3
   e - Sticky Flame                   Conjuration/Fire             4
   f - Fireball                       Conjuration/Fire             5
Comestibles
 c - a bread ration


   Skills:
 - Level 2.4 Dodging
 - Level 2.4 Stealth
 + Level 4.2 Spellcasting
 + Level 2.1 Conjurations
 + Level 4.3 Fire Magic


You had 2 spell levels left.
You knew the following spells:

 Your Spells              Type           Power        Failure   Level  Hunger
a - Flame Tongue          Conj/Fire      ###..        4%          1    None
b - Throw Flame           Conj/Fire      ###...       8%          2    #......
c - Conjure Flame         Conj/Fire      ###.....     12%         3    ###....
d - Inner Flame           Hex/Fire       ##......     17%         3    ###....


Dungeon Overview and Level Annotations

Branches:
Dungeon (3/15)

Altars:

Annotations:
D:3 Grinder


Message History

Grinder says, "Just stop there for a second..."
Grinder barely misses you.
You closely miss Grinder.
Grinder is heavily wounded.
Grinder hits you!
You writhe in agony.
You closely miss Grinder.
Grinder is heavily wounded.
Grinder misses you.
You closely miss Grinder.
Grinder is heavily wounded.
Grinder barely misses you.
You hit Grinder.
Grinder is severely wounded.
Grinder hits you.
You writhe in agony.
* * * LOW HITPOINT WARNING * * *
As you read the scroll of teleportation, it crumbles to dust.
You feel strangely unstable. Grinder hits you.
* * * LOW HITPOINT WARNING * * *
You writhe in agony.
You die...

................##.#.....##.#####
..##...#####.##......#.#.##.####
.......# #.#####...#......(..#
.......# #.#####...###.##.##.##
....#..# #<............# .#...#
.......# #####........## ......
#......#########........# #...#
.#.####.......##..#..(..# #...#
#.. #.......##@5#.....#####..$#
##. #.......##.................
.# #.<......#..#..............
#.....................)....
#.......#####.#######......
#.......# #.# #.#.>.. #########
#.# #.#.... #.#.... #......


You could see Grinder.

Vanquished Creatures
  An adder (D:3)
  2 worms (D:3)
  2 dart slugs
  A leopard gecko (D:1)
  5 bats
  A giant cockroach (D:1)
  8 goblins
  11 hobgoblins
  2 jackals (D:1)
  5 frilled lizards
  7 kobolds
  4 rats
49 creatures vanquished.

Notes
Turn   | Place    | Note
-------+----------+-------------------------------------------
     0 | D:1      | Drazool the Deep Elf Fire Elementalist began the quest for the Orb.
     0 | D:1      | Reached XP level 1. HP: 10/10 MP: 6/6
   120 | D:1      | Reached XP level 2. HP: 15/15 MP: 6/8
   370 | D:1      | Learned a level 2 spell: Throw Flame
  1030 | D:1      | Reached XP level 3. HP: 19/19 MP: 0/10
  1110 | D:1      | Learned a level 3 spell: Conjure Flame
  1114 | D:1      | Learned a level 3 spell: Inner Flame
  2493 | D:3      | Reached XP level 4. HP: 23/24 MP: 4/12
  2617 | D:3      | Noticed Grinder
  2631 | D:3      | HP: 1/24 [Grinder (6)]
  2631 | D:3      | Slain by Grinder

Skill      XL: |  1  2  3 |
---------------+----------+-----
Spellcasting   | 4 |  4.2
Fire Magic     | 4 |  4.3
Conjurations   | 2 |  2.1
Dodging        | |  2.4
Stealth        | |  2.4

Action                   |  1- 3 |  4- 6 || total
-------------------------+-------+-------++-------
Melee: Hand axe          |     8 |       ||     8
       Dagger            |    24 |     8 ||    32
 Cast: Flame Tongue      |    37 |     4 ||    41
       Throw Flame       |    33 |     2 ||    35
       Inner Flame       |     1 |       ||     1
  Use: Scroll            |     7 |     2 ||     9
       Potion            |     5 |       ||     5
  Eat: Chunk             |     4 |       ||     4
       Meat ration       |     1 |       ||     1
Armor: Robe              |     6 |     1 ||     7
Dodge: Dodged            |    25 |     5 ||    30
